 Dungeon Crawl Stone Soup version 0.28.0-49-g6dfe1f597d (webtiles) character file.

Game seed: 18446549420984574978

182 CryoSword the Caller (level 5, -4/37 HPs)
             Began as a Gnoll Summoner on May 13, 2022.
             Slain by a gnoll
             ... wielding a +0 flail
              (8 damage)
             ... on level 3 of the Dungeon.
             The game lasted 00:03:16 (3283 turns).

CryoSword the Caller (Gnoll Summoner)               Turns: 3283, Time: 00:03:17

Health: -4/37      AC:  6    Str:  9    XL:     5   Next: 61%
Magic:  11/12      EV: 11    Int: 14    God:
Gold:   62         SH:  0    Dex: 13    Spells: 8/14 levels left

rFire   . . .      SeeInvis .   b - +0 dagger (drain)
rCold   . . .      Faith    .   (no shield)
rNeg    . . .      Spirit   .   k - +0 ring mail
rPois   .          Reflect  .   (no helmet)
rElec   .          Harm     .   (no cloak)
rCorr   .          Rampage  .   i - +0 pair of gloves
Will    .....                   (no boots)
Stlth   ++........              (no amulet)
HPRegen 0.12/turn               (no ring)
MPRegen 0.13/turn               (no ring)

@: no status effects
A: fangs 1, strong nose, distributed training
a: no special abilities


You were on level 3 of the Dungeon.
You visited 1 branch of the dungeon, and saw 3 of its levels.

You collected 62 gold pieces.

Inventory:

Hand Weapons
 b - a +0 dagger of draining (weapon)
   (You took it off a kobold on level 1 of the Dungeon)
Missiles
 d - 5 poisoned darts
Armour
 i - a +0 pair of gloves (worn)
   (You found it on level 2 of the Dungeon)
 k - a +0 ring mail (worn)
   (You found it on level 2 of the Dungeon)
Scrolls
 c - a scroll of identify {@r1}
 f - 2 scrolls of teleportation {@r4}
 g - a scroll of blinking {unknown}
 h - a scroll of amnesia
Potions
 a - 4 potions of brilliance {unknown}
 e - a potion of ambrosia
 j - 2 potions of curing {@q1}
 l - a potion of attraction {unknown}


   Skills:
 + Level 1.5 Fighting
 + Level 1.5 Short Blades
 + Level 1.5 Long Blades
 + Level 1.5 Axes
 + Level 1.5 Maces & Flails
 + Level 1.5 Polearms
 + Level 1.5 Staves
 + Level 1.5 Slings
 + Level 1.5 Bows
 + Level 1.5 Crossbows
 + Level 1.5 Throwing
 + Level 1.5 Armour
 + Level 4.8 Dodging
 + Level 4.4 Stealth
 + Level 1.5 Shields
 + Level 1.5 Unarmed Combat
 + Level 5.2 Spellcasting
 + Level 1.2 Conjurations
 + Level 1.2 Hexes
 + Level 7.2 Summonings
 + Level 1.2 Necromancy
 + Level 1.2 Translocations
 + Level 1.2 Transmutations
 + Level 1.2 Fire Magic
 + Level 1.2 Ice Magic
 + Level 1.2 Air Magic
 + Level 1.2 Earth Magic
 + Level 1.2 Poison Magic
 + Level 1.7 Invocations
 + Level 1.5 Evocations


You had 8 spell levels left.
You knew the following spells:

 Your Spells              Type           Power      Damage    Failure   Level
a - Summon Small Mammal   Summ           92%        N/A       2%          1
b - Call Imp              Summ           23%        N/A       3%          2
c - Call Canine Familiar  Summ           23%        N/A       7%          3

Your spell library contained the following spells:

 Spells                   Type           Power      Damage    Failure   Level
 Summon Guardian Golem    Hex/Summ       15%        N/A       24%         3
 Magic Dart               Conj           28%        1d4       28%         1
 Searing Ray              Conj           14%        2d5       38%         2
 Summon Lightning Spire   Summ/Air       15%        N/A       63%         4
 Fulminant Prism          Conj/Hex       3%         3d6       95%         4


Dungeon Overview and Level Annotations

Branches:
Dungeon (3/15)

Altars:


Innate Abilities, Weirdness & Mutations

You have very sharp teeth.
Your uncanny sense of smell can sniff out nearby items.
Your experience applies equally to all skills.


Message History

Your Conjurations skill increases to level 1!
Your Hexes skill increases to level 1!
Your Necromancy skill increases to level 1!
Your Translocations skill increases to level 1!
Your Transmutations skill increases to level 1!
Your Fire Magic skill increases to level 1!
Your Ice Magic skill increases to level 1!
Your Air Magic skill increases to level 1!
Your Earth Magic skill increases to level 1!
Your Poison Magic skill increases to level 1!
You have reached level 5!
The gnoll closely misses your bat.
Your quokka bites the gnoll but does no damage.
A beastly little devil appears in a puff of flame.
Your white imp disappears in a puff of smoke!
The gnoll hits your bat with a +0 whip.
Your bat dies!
Your bat's corpse disappears in a puff of smoke!
Your quokka barely misses the gnoll.
Your quokka barely misses the gnoll.
The gnoll hits your quokka with a +2 flail of holy wrath.
Your crimson imp hits the gnoll.
You hit the gnoll. The gnoll hits you but does no damage.
You hit the gnoll. You drain the gnoll.
Your crimson imp blinks!
Your quokka completely misses the gnoll.
The gnoll hits you but does no damage. The gnoll misses you.
You hit the gnoll. The gnoll closely misses your quokka.
Your crimson imp blinks!
Your quokka bites the gnoll.
The gnoll hits you from afar with a +0 spear.
The gnoll barely misses you.
You hit the gnoll. You drain the gnoll.
You kill the gnoll!
The gnoll hits your quokka with a +2 flail of holy wrath!
Your quokka dies!
Your quokka's corpse disappears in a puff of smoke!
Your quokka closely misses the gnoll.
The gnoll closely misses you.
Your quokka bites the gnoll.
You hit the gnoll.
The gnoll hits your quokka but does no damage.
Your quokka bites the gnoll but does no damage.
You hit the gnoll but do no damage. The gnoll hits you with a +0 spear.
Your quokka bites the gnoll.
You hit the gnoll.
Your quokka bites the gnoll but does no damage.
The gnoll barely misses your quokka.
You hit the gnoll. You drain the gnoll. Your bite misses the gnoll.
Your quokka completely misses the gnoll.
The gnoll hits your quokka with a +0 spear.
You hit the gnoll.
Your quokka bites the gnoll.
The gnoll dies!
Your quokka misses the gnoll. You barely miss the gnoll.
Your bite misses the gnoll.
The gnoll hits you with a +2 flail of holy wrath.
Your quokka closely misses the gnoll.
You closely miss the gnoll.
Your quokka bites the gnoll.
The gnoll barely misses you.
Your crimson imp blinks!
You hit the gnoll. You drain the gnoll. You bite the gnoll, but do no damage.
Your quokka bites the gnoll.
The gnoll hits you with a +2 flail of holy wrath.
You hit the gnoll but do no damage. You bite the gnoll, but do no damage.
Your quokka completely misses the gnoll.
You hit the gnoll but do no damage. You drain the gnoll.
You kill the gnoll!
Things that are here:
a +2 flail of holy wrath; a +0 spear; a gnoll corpse Your crimson imp disappears in a puff of smoke!
Your quokka disappears in a puff of smoke!
Things that are here:
a +0 whip; a gnoll corpse
Things that are here:
a +2 flail of holy wrath; a +0 spear; a gnoll corpse You now have 48 gold pieces (gained 7).
You now have 62 gold pieces (gained 14).
l - an inky potion You open the door.
Found a stone staircase leading up.
There is an open door here.
a - 4 green potions (gained 1)
A frilled lizard comes into view.
The frilled lizard hisses angrily.
There is a stone staircase leading up here.
A beastly little devil appears in a puff of flame.
The frilled lizard bites you.
Your crimson imp hits the frilled lizard.
The frilled lizard dies!
No target in view!
A gnoll comes into view. It is wielding a +0 spear.
There are no items here.
You swap places.
A gnoll comes into view. It is wielding a +0 flail.
The gnoll throws a throwing net.
The throwing net hits you.
You become entangled in the net!
Your crimson imp blinks!
The gnoll moves out of view.
You see here a throwing net.
You struggle against the net.
You struggle against the net.
You struggle against the net.
Your crimson imp blinks!
You struggle against the net.
The gnoll barely misses you.
A gnoll comes into view.
It is wielding a +0 spear and carrying a wand of paralysis (8).
You rip the net and break free!
The gnoll hits you but does no damage.
Your bat hits the gnoll. The gnoll hits you with a +0 spear.
You closely miss the gnoll.
Your bat closely misses the gnoll.
The gnoll closely misses you. The gnoll hits you but does no damage.
You hit the gnoll. You drain the gnoll.
Your bat barely misses the gnoll.
Your quokka bites the gnoll.
The gnoll hits you from afar with a +0 spear.
The gnoll hits you with a +0 flail. The gnoll hits you with a +0 spear.
* * * LOW HITPOINT WARNING * * *
Your quokka barely misses the gnoll.
You are too injured to fight recklessly!
You are too injured to fight recklessly!
Unknown command.
You swap places.
Your bat hits the gnoll but does no damage.
The gnoll hits you but does no damage. The gnoll barely misses your quokka.
The gnoll closely misses you.
Your quokka barely misses the gnoll.
The gnoll zaps a wand.
Your bat resists with significant effort.
Your crimson imp completely misses the gnoll.
The gnoll misses your crimson imp.
Your bat hits the gnoll but does no damage.
Your quokka barely misses the gnoll.
The gnoll throws a throwing net.
The throwing net hits you.
You become entangled in the net!
You see here a throwing net.
You struggle against the net.
Your bat hits the gnoll.
The gnoll dies!
Your quokka barely misses the gnoll.
Your bat closely misses the gnoll.
The gnoll hits you from afar with a +0 spear.
* * * LOW HITPOINT WARNING * * *
You struggle against the net.
Your bat hits the gnoll.
Your quokka bites the gnoll.
Your crimson imp barely misses the gnoll.
The gnoll barely misses your bat.
You struggle against the net.
Your bat hits the gnoll but does no damage.
The gnoll hits you with a +0 flail!
* * * LOW HITPOINT WARNING * * *
Your quokka bites the gnoll but does no damage.
The gnoll barely misses you.
You rip the net and break free!
Your crimson imp closely misses the gnoll.
The gnoll hits you with a +0 flail!
You die...

#.............##......#
#.....................#
#####....###..........#
#...(# #..........#
#....# #..........#
#....# #..........#
#####....# #..........#
.........# ###'####.###
####.....# #..@...#
##.....######.grg.#
..............5.b).##.
.....###...............#
..... ##........#..#..#
..... #...........# .#
.... #.......#.<......
#....†..#.#.##. #
#.......#..... .


You could see 2 gnolls, a friendly crimson imp (summoned), a friendly quokka
(summoned) and a friendly bat (summoned).

Vanquished Creatures
  An adder (D:2)
  2 gnolls (D:3)
  2 worms
  2 dart slugs
  3 endoplasms (D:1)
  4 goblins
  2 hobgoblins (D:1)
  2 jackals (D:2)
  3 ball pythons
  5 bats
  A frilled lizard (D:1)
  A rat (D:1)
28 creatures vanquished.

Vanquished Creatures (collateral kills)
  A scorpion (D:3)
  3 gnolls
  A dart slug (D:1)
  2 ball pythons (D:1)
  4 endoplasms
  2 giant cockroaches (D:2)
  2 hobgoblins
  A jackal (D:2)
  A bat (D:1)
  A frilled lizard (D:3)
  3 goblins (D:1)
  3 kobolds (D:1)
24 creatures vanquished.

Grand Total: 52 creatures vanquished

Notes
Turn   | Place    | Note
-------+----------+-------------------------------------------
     0 | D:1      | CryoSword the Gnoll Summoner began the quest for the Orb.
     0 | D:1      | Reached XP level 1. HP: 13/13 MP: 6/6
   848 | D:1      | Reached XP level 2. HP: 16/19 MP: 4/7
   952 | D:1      | Learned a level 2 spell: Call Imp
  1406 | D:1      | Reached XP level 3. HP: 21/25 MP: 2/9
  1499 | D:1      | Reached skill level 5 in Spellcasting
  1979 | D:2      | Reached skill level 1 in Invocations
  2303 | D:2      | Reached skill level 1 in Fighting
  2303 | D:2      | Reached skill level 1 in Short Blades
  2303 | D:2      | Reached skill level 1 in Long Blades
  2303 | D:2      | Reached skill level 1 in Axes
  2303 | D:2      | Reached skill level 1 in Maces & Flails
  2303 | D:2      | Reached skill level 1 in Polearms
  2303 | D:2      | Reached skill level 1 in Staves
  2303 | D:2      | Reached skill level 1 in Slings
  2303 | D:2      | Reached skill level 1 in Bows
  2303 | D:2      | Reached skill level 1 in Crossbows
  2303 | D:2      | Reached skill level 1 in Throwing
  2303 | D:2      | Reached skill level 1 in Armour
  2303 | D:2      | Reached skill level 1 in Shields
  2303 | D:2      | Reached skill level 1 in Unarmed Combat
  2303 | D:2      | Reached skill level 1 in Evocations
  2411 | D:2      | Reached XP level 4. HP: 25/32 MP: 6/11
  2415 | D:2      | Learned a level 3 spell: Call Canine Familiar
  3067 | D:3      | Noticed a scorpion
  3075 | D:3      | Killed a scorpion
  3076 | D:3      | Reached skill level 1 in Conjurations
  3076 | D:3      | Reached skill level 1 in Hexes
  3076 | D:3      | Reached skill level 1 in Necromancy
  3076 | D:3      | Reached skill level 1 in Translocations
  3076 | D:3      | Reached skill level 1 in Transmutations
  3076 | D:3      | Reached skill level 1 in Fire Magic
  3076 | D:3      | Reached skill level 1 in Ice Magic
  3076 | D:3      | Reached skill level 1 in Air Magic
  3076 | D:3      | Reached skill level 1 in Earth Magic
  3076 | D:3      | Reached skill level 1 in Poison Magic
  3076 | D:3      | Reached XP level 5. HP: 37/37 MP: 8/12
  3283 | D:3      | Slain by a gnoll

Illustrated notes

Levels and vault maps discovered:
D:1:      dpeg_arrival_water_fire, layout_basic, minmay_statues_item,
          corexii_leaking_fountain, minmay_3d_cube
D:2:      layout_loops_ring
D:3:      layout_basic, mainiacjoe_overflow_alcove_1, serial_shops, shop,
          uniq_robin

Skill      XL: |  1  2  3  4 |
---------------+-------------+-----
Spellcasting   | 5 |  5.2
Invocations    | 1 |  1.7
Fighting       | 1 |  1.5
Short Blades   | 1 |  1.5
Long Blades    | 1 |  1.5
Axes           | 1 |  1.5
Maces & Flails | 1 |  1.5
Polearms       | 1 |  1.5
Staves         | 1 |  1.5
Slings         | 1 |  1.5
Bows           | 1 |  1.5
Crossbows      | 1 |  1.5
Throwing       | 1 |  1.5
Armour         | 1 |  1.5
Shields        | 1 |  1.5
Unarmed Combat | 1 |  1.5
Evocations     | 1 |  1.5
Conjurations   | 1 |  1.2
Hexes          | 1 |  1.2
Necromancy     | 1 |  1.2
Translocations | 1 |  1.2
Transmutations | 1 |  1.2
Fire Magic     | 1 |  1.2
Ice Magic      | 1 |  1.2
Air Magic      | 1 |  1.2
Earth Magic    | 1 |  1.2
Poison Magic   | 1 |  1.2
Dodging        | |  4.8
Stealth        | |  4.4
Summonings     | |  7.2

Action                   |  1- 3 |  4- 6 || total
-------------------------+-------+-------++-------
Melee: Unarmed           |    24 |       ||    24
       Bite              |    12 |     4 ||    16
       Punch             |     2 |     2 ||     4
       Dagger            |    62 |    29 ||    91
 Cast: Summon Small Mamm |    38 |    11 ||    49
       Call Imp          |    11 |     6 ||    17
  Use: Scroll            |     3 |     1 ||     4
 Stab: Sleeping          |     6 |     1 ||     7
       Distracted        |     1 |       ||     1
Armor: Robe              |    18 |       ||    18
       Ring mail         |       |     5 ||     5
Dodge: Dodged            |    72 |    19 ||    91
